 Dungeon Crawl Stone Soup version 0.17-a0-31-g3f54bfd (webtiles) character file.

153 rgaf the Digger (level 5, -2/28 HPs)
             Began as a Gargoyle Earth Elementalist on Mar 8, 2015.
             Slain by Grinder (5 damage)
             ... on level 3 of the Dungeon.
             The game lasted 00:08:13 (2808 turns).

rgaf the Digger (Gargoyle Earth Elementalist)       Turns: 2808, Time: 00:08:13

Health: -2/28      AC:  6    Str: 11    XL:     5   Next: 35%
Magic:  11/11      EV: 12    Int: 17    God:
Gold:   156        SH:  0    Dex: 10    Spells: 2 memorised, 6 levels left

rFire  . . .     SeeInvis .     m - +0 long sword (pain)
rCold  . . .     Clarity  .     c - +0 robe
rNeg   + . .     SustAb   .     (no shield)
rPois  ∞         Gourm    .     (no helmet)
rElec  +         Spirit   .     (no cloak)
rCorr  .         Warding  .     (no gloves)
rMut   +         Stasis   .     (no boots)
MR     .....                    n - amulet of resist mutation
Stlth  ++........               (no ring)
                                (no ring)

@: not resistant to hostile enchantments, unstealthy
A: negative energy resistance 1, electricity resistance, unbreathing,
petrification resistance, rot immunity, AC +4
a: no special abilities


You were on level 3 of the Dungeon.
You were not hungry.

You visited 1 branch of the dungeon, and saw 3 of its levels.

You collected 156 gold pieces.

Inventory:

Hand weapons
 m - a +0 long sword of pain (weapon)
Missiles
 b - 93 stones (quivered)
Armour
 c - a +0 robe (worn)
Jewellery
 n - an amulet of resist mutation (around neck)
 s - an uncursed amulet of stasis {unknown}
 u - an uncursed ring of protection from fire {unknown}
Magical devices
 e - a wand of disintegration (1)
Scrolls
 g - 2 scrolls of identify
 i - a scroll of random uselessness {unknown}
 j - a scroll of blinking
 q - a scroll of remove curse
 w - a scroll of enchant armour {unknown}
 y - a scroll of noise {unknown}
Potions
 k - a potion of cancellation
 o - a potion of curing {unknown}
 p - a potion of magic {unknown}
 r - a potion of might {unknown}
 t - a potion of heal wounds {unknown}
 v - a potion of brilliance {unknown}
 z - a potion of flight {unknown}
 A - a potion of berserk rage {unknown}
Books
 d - a book of Geomancy

   Spells                             Type                      Level
   a - Sandblast                      Earth                        1
   b - Stoneskin                      Transmutation/Earth          2
   c - Passwall                       Transmutation/Earth          3
   d - Stone Arrow                    Conjuration/Earth            3
   e - Petrify                        Transmutation/Earth          4
   f - Lee's Rapid Deconstruction     Earth                        5
Comestibles
 a - 3 bread rations
 f - a beef jerky
 h - 2 fruits
 l - 3 meat rations


   Skills:
 - Level 1.5 Dodging
 - Level 2.1 Stealth
 + Level 3.0 Spellcasting
 - Level 0.7 Transmutations
 * Level 6.4 Earth Magic


You had 6 spell levels left.
You knew the following spells:

 Your Spells              Type           Power        Failure   Level  Hunger
a - Sandblast             Erth           ###...       1%          1    None
b - Passwall              Trmt/Erth      ##........   14%         3    ###....


Dungeon Overview and Level Annotations

Branches:
Dungeon (3/15)

Altars:

Annotations:
D:3 Grinder


Innate Abilities, Weirdness & Mutations

You are resistant to torment.
You are immune to poison.
Your stone body is very resilient (AC +4).
You resist negative energy.
You are resistant to electric shocks.
You can survive without breathing.
You are immune to petrification.
You are immune to rotting.


Message History

Grinder shouts!
Found a hand axe.
Grinder drinks a potion.
Grinder seems to speed up.
You see here a cloak.
Grinder hits you! Grinder gestures at you. Pain shoots through your body!
The giant gecko bites you but does no damage.
Grinder says, "I used to sell toenails on the black market."
There is an escape hatch in the ceiling here.
Read which item? (? for menu, Esc to quit)
Okay, then.
Grinder barely misses you.
The giant gecko bites you but does no damage.
Grinder gestures at you. Pain shoots through your body!
* * * LOW HITPOINT WARNING * * *
The giant gecko bites you but does no damage.
Grinder hits you.
You die...

..##.............
#.............
#............#
#............#
#+#######........#+###
.........#########
########.# #####'####
#.@5.†...# #..l.<...#
#........# #........#
...# #........# .(..
#........# ..##
#........# #
#...[....# #
#......>.# #


You could see Grinder and a giant gecko.

Vanquished Creatures
  An orc wizard (D:3)
  4 adders
  3 worms
  A giant gecko (D:3)
  5 orcs
  A ball python (D:2)
  5 bats
  6 hobgoblins
  6 kobolds
  3 giant cockroaches
  3 giant newts
  12 goblins
  12 jackals
  11 rats
73 creatures vanquished.

Notes
Turn   | Place    | Note
--------------------------------------------------------------
     0 | D:1      | rgaf, the Gargoyle Earth Elementalist, began the quest for the Orb.
     0 | D:1      | Reached XP level 1. HP: 10/10 MP: 3/3
   192 | D:1      | Reached skill level 4 in Earth Magic
   206 | D:1      | Reached XP level 2. HP: 6/15 MP: 1/4
   967 | D:1      | Reached XP level 3. HP: 17/19 MP: 2/6
  1214 | D:2      | Reached skill level 5 in Earth Magic
  1322 | D:2      | Learned a level 3 spell: Passwall
  1424 | D:2      | Reached XP level 4. HP: 24/24 MP: 4/8
  2506 | D:3      | Reached skill level 6 in Earth Magic
  2506 | D:3      | Reached XP level 5. HP: 21/28 MP: 1/10
  2797 | D:3      | Noticed Grinder
  2808 | D:3      | Slain by Grinder

Action                   |  1- 3 |  4- 6 || total
-------------------------+-------+-------++-------
Melee: Dagger            |    37 |    19 ||    56
       Unarmed           |     1 |       ||     1
       Long sword        |       |    11 ||    11
 Cast: Sandblast         |    53 |    82 ||   135
       Passwall          |       |     3 ||     3
  Use: Scroll            |       |     5 ||     5
  Eat: Chunk             |     2 |     5 ||     7
